 Dungeon Crawl Stone Soup version 0.28-a0-1117-g0bdd5ba030 (webtiles) character file.

Game seed: 7628370673875977625

359 SensoryNuts the Skirmisher (level 6, -6/55 HPs)
             Began as a Draconian Fighter on Dec 11, 2021.
             Was a Believer of Wu Jian.
             Mangled by an ogre (35 damage)
             ... on level 3 of the Dungeon.
             The game lasted 00:04:21 (2307 turns).

SensoryNuts the Skirmisher (Draconian Fighter)      Turns: 2307, Time: 00:04:21

Health: -6/55      AC:  7    Str: 21      XL:     6   Next: 37%
Magic:  6/6        EV: 12    Int:  8      God:    Wu Jian [**....]
Gold:   131        SH:  0    Dex:  8 (10) Spells: 5/5 levels left

rFire   . . .      SeeInvis .   f - +4 quarterstaff (chaos)
rCold   . . .      Faith    .   (shield currently unavailable)
rNeg    . . .      Spirit   .   (armour unavailable)
rPois   .          Reflect  .   (helmet restricted)
rElec   .          Harm     .   g - +0 cloak
rCorr   .          Rampage  .   (no gloves)
Will    .....                   (no boots)
Stlth   +.........              m - amulet of regeneration
HPRegen 0.98/turn               n - ring of flight
MPRegen 0.10/turn               (no ring)

@: flying
A: AC +6, unfitting armour, cold-blooded
a: Renounce Religion, Wall Jump


You were on level 3 of the Dungeon.
You worshipped Wu Jian.
Wu Jian was pleased with you.
You visited 1 branch of the dungeon, and saw 3 of its levels.

You collected 131 gold pieces.

Inventory:

Hand Weapons
 a - a +0 long sword
 f - a +4 quarterstaff of chaos (weapon)
Armour
 b - a +0 buckler
 g - a +0 cloak (worn)
Jewellery
 m - an amulet of regeneration (around neck)
 n - a ring of flight (left hand)
Scrolls
 e - 3 scrolls of teleportation
 h - a scroll of fog {unknown}
 i - a scroll of identify
 l - a scroll of noise
Potions
 c - a potion of heal wounds {unknown}
 d - a potion of cancellation


   Skills:
 + Level 4.9 Fighting
 + Level 4.1 Long Blades
 + Level 2.1 Staves
 + Level 3.5 Dodging
 + Level 0.9 Stealth
 + Level 3.5 Shields


You had 5 spell levels left.
You didn't know any spells.
Your spell library contained the following spells:

 Spells                   Type           Power      Damage    Failure   Level
 Slow                     Hex            0%         N/A       41%         1
 Confusing Touch          Hex            0%         N/A       78%         3
 Yara's Violent Unravell  Hex/Tmut       0%         3d3       100%        5


Dungeon Overview and Level Annotations

Branches:
Dungeon (3/15)

Altars:
Wu Jian

Shops:
D:2 =

Portals:
Sewer: D:3


Innate Abilities, Weirdness & Mutations

Your plain brown scales are hard. (AC +6)
You cannot fit into any form of body armour.
You are cold-blooded and may be slowed by cold attacks.


Message History

You reach down and open the door.
There is an open door here.
Key pressed, stopping explore.
There is an open door here.
Things that are here:
a +0 flail; a +0 dagger
There is an open door here.
You reach down and open the door.
There is an open door here.
You reach down and open the door.
A ball python, an endoplasm, a kobold and an ogre come into view.
The kobold is wielding a +0 short sword and quivering poisoned darts.
The ball python hisses angrily.
The ogre shouts!
The endoplasm quivers.
You hear a shout! x2
There are monsters nearby!
You closely miss the ball python.
The kobold shouts!
The ball python barely misses you. The ball python closely misses you.
You sock the ball python!
You kill the ball python!
The Council accepts your kill.
An orc comes into view. It is wielding a +0 short sword.
You sock the kobold! You burn the kobold.
You kill the kobold!
The Council accepts your kill.
You hit the ogre.
The ogre is moderately wounded.
You hear the rapid rusting of a drain nearby.
The ogre barely misses you.
You sock the ogre!
The ogre goes berserk!
The ogre is heavily wounded.
The ogre hits you with a +0 giant spiked club!!
An orc comes into view.
It is wielding a +2 hand axe of electrocution.
The ogre completely misses you.
You hit the ogre.
The ogre is severely wounded.
The ogre hits you with a +0 giant spiked club!!
Ouch! That really hurt!
You die...

#.######..#####)##..#...##.....#
#.........'...#'#...#....#.....#
#.........##........#')..#.....#
.......)).###........###.#.....#
#.........#.#.........####...###
##........#.'#........)..'..†##
#........#.#.........####..>.#
..........###........###.#..###
#.........##...@....#'...#..#
#.......#.+...#O#...#(...#.##
#.......#.#####o##..#..[##.#
.J.##.#..[##.# o.. #.#.####.#
#######+######.#
...............#
.......#..###### .......#..#


You could see an ogre (berserk), 2 orcs and an endoplasm.

Vanquished Creatures
  A necrophage (D:3)
  Crazy Yiuf (D:2)
  2 orc priests (D:3)
  Jessica (D:3)
  An orc wizard (D:3)
  Terence (D:2)
  5 adders
  4 dart slugs
  3 orcs (D:3)
  6 ball pythons
  9 bats
  5 endoplasms
  2 giant cockroaches
  4 goblins
  3 hobgoblins
  2 jackals (D:3)
  3 quokkas
  A frilled lizard (D:1)
  3 kobolds
  4 rats
61 creatures vanquished.

Vanquished Creatures (others)
  A fungus (D:2)
1 creature vanquished.

Grand Total: 62 creatures vanquished

Notes
Turn   | Place    | Note
-------+----------+-------------------------------------------
     0 | D:1      | SensoryNuts the Draconian Fighter began the quest for the
                  | Orb.
     0 | D:1      | Reached XP level 1. HP: 19/19 MP: 1/1
   139 | D:1      | Reached XP level 2. HP: 25/26 MP: 2/2
   705 | D:2      | Noticed Terence
   716 | D:2      | Killed Terence
   717 | D:2      | Reached XP level 3. HP: 23/33 MP: 3/3
   807 | D:2      | Found a faded altar of an unknown god.
   819 | D:2      | Prayed at the altar of an unknown god.
   819 | D:2      | Became a worshipper of the Wu Jian Council
   819 | D:2      | Reached * piety under Wu Jian
   978 | D:2      | Found a runed translucent door.
   979 | D:2      | Noticed Crazy Yiuf
  1039 | D:2      | Reached XP level 4. HP: 37/41 MP: 4/4
  1154 | D:2      | Found Gouddaiwn's One-of-a-Kind Rings.
  1665 | D:2      | Killed Crazy Yiuf
  1765 | D:3      | Found a glowing drain.
  1801 | D:3      | Reached XP level 5. HP: 47/47 MP: 5/5
  1872 | D:3      | Noticed Jessica
  1880 | D:3      | Killed Jessica
  1910 | D:3      | Reached skill level 1 in Staves
  1958 | D:3      | Noticed a necrophage
  1965 | D:3      | Killed a necrophage
  1966 | D:3      | Reached XP level 6. HP: 52/55 MP: 6/6
  2021 | D:3      | Reached ** piety under Wu Jian
  2307 | D:3      | Mangled by an ogre

Illustrated notes

Levels and vault maps discovered:
D:1:      nicolae_arrival_washed_ashore, layout_rooms
D:2:      layout_basic, hellmonk_ecumenical_altar_lost_god,
          nicolae_shop_unique_rings, uniq_crazy_yiuf_cottage, uniq_terence
D:3:      layout_basic, portal_sewer_entry_d, minmay_pentangle, uniq_jessica

Skill      XL: |  1  2  3  4  5 |
---------------+----------------+-----
Dodging        | 3 |  3.5
Fighting       | 4 |  4.9
Long Blades    | 3 4 |  4.1
Staves         | 2 |  2.1
Stealth        | |  0.9
Shields        | |  3.5

Action                   |  1- 3 |  4- 6 || total
-------------------------+-------+-------++-------
Melee: Long sword        |    84 |    29 ||   113
       Tailslap          |     8 |     5 ||    13
       Quarterstaff      |       |    77 ||    77
Invok: Lunge             |     1 |     4 ||     5
       Whirlwind         |       |     6 ||     6
  Use: Scroll            |       |     5 ||     5
       Potion            |       |     5 ||     5
Armor: Skin              |    21 |    35 ||    56
Dodge: Dodged            |    74 |    55 ||   129
Block: Buckler           |    21 |     8 ||    29

Table legend: (Time is in decaauts)
 A = Elapsed time spent in this place.
 B = Non-inter-level travel time spent in this place.
 C = Inter-level travel time spent in this place.
 D = Time resting spent in this place.
 E = Time spent auto-exploring this place.
 F = Levels seen in this place.
 G = Mean time per level.
                   A        B        C        D        E       F      G
               +--------+--------+--------+--------+--------+-----+--------+
         Total |   2358 |   2358 |      0 |      0 |   1637 |   3 |  786.0 |
       Dungeon |   2358 |   2358 |      0 |      0 |   1637 |   3 |  786.0 |
               +--------+--------+--------+--------+--------+-----+--------+

Top non-repeatable levels by time:
     D:2: 1078 daAuts
     D:1: 721 daAuts
     D:3: 559 daAuts
